 Dungeon Crawl Stone Soup version 0.23.0-3-gf3c87f2 (webtiles) character file.

Game seed: 2817897964949223652

245 Borgoz the Cutter (level 5, -5/30 HPs)
             Began as a Deep Elf Gladiator on Feb 24, 2019.
             Killed by nerve-wracking pain
             ... invoked by Grinder
              (13 damage)
             ... on level 3 of the Dungeon.
             The game lasted 00:04:42 (2361 turns).

Borgoz the Cutter (Deep Elf Gladiator)              Turns: 2361, Time: 00:04:42

Health: -5/30      AC:  7    Str: 12    XL:     5   Next: 84%
Magic:  7/7        EV: 20    Int: 13    God:
Gold:   177        SH:  0    Dex: 21    Spells: 4/4 levels left

rFire    . . .     SeeInvis .   a - +0 rapier
rCold    . . .     Gourm    .   (no shield)
rNeg     . . .     Faith    .   b - +0 leather armour
rPois    +         Spirit   .   c - +0 helmet
rElec    .         Reflect  .   (no cloak)
rCorr    .         Harm     .   (no gloves)
MR       .....                  (no boots)
Stlth    ++++......             (no amulet)
HPRegen  0.10/turn              g - +3 ring of protection
MPRegen  0.10/turn              h - ring of poison resistance

@: agile, lethally poisoned (-5 -> -7)
A: no striking features
a: no special abilities


You were on level 3 of the Dungeon.
You were not hungry.

You visited 1 branch of the dungeon, and saw 3 of its levels.

You collected 177 gold pieces.

Inventory:

Hand Weapons
 a - a +0 rapier (weapon)
Missiles
 d - 2 throwing nets (quivered)
 m - 17 poisoned needles
Armour
 b - a +0 leather armour (worn)
 c - a +0 helmet (worn)
Jewellery
 g - a +3 ring of protection (left hand)
 h - a ring of poison resistance (right hand)
Scrolls
 i - 2 scrolls of blinking {unknown}
 j - a scroll of enchant weapon {unknown}
 n - 3 scrolls of identify
 q - a scroll of remove curse
Potions
 e - a potion of agility
 l - a potion of degeneration {unknown}
 o - a potion of resistance {unknown}
 p - a potion of curing {unknown}
Comestibles
 f - 4 rations
 k - 3 chunks of flesh


   Skills:
 + Level 2.0 Fighting
 + Level 4.8 Short Blades
 - Level 2.0 Throwing
 + Level 1.3 Armour
 + Level 4.4 Dodging
 * Level 3.5 Stealth


You had 4 spell levels left.
You didn't know any spells.
Your spell library was empty.

Dungeon Overview and Level Annotations

Branches:
Dungeon (3/15)

Altars:
Okawaru
Wu Jian

Annotations:
D:3 Grinder


Message History

Grinder closely misses you.
You hit Grinder.
Grinder is severely wounded.
Grinder completely misses you.
You barely miss Grinder.
Grinder is severely wounded.
You feel sick.
Grinder says, "Tell me all your secrets, or I'll kill you."
Grinder blinks!
You hit Grinder.
Grinder is severely wounded.
Grinder hits you but does no damage.
You barely miss Grinder.
Grinder is severely wounded.
Grinder completely misses you.
You barely miss Grinder.
Grinder is severely wounded.
Grinder gestures at you. Pain shoots through your body!
You die...

.##############
.>[...........#
.############.#
.# #.# .# #.#
.# ####.####
.## #.......#
..# #.##.##5#
..# # #.##@#
..### #..#)#
..... ##.#.#
..####.# .#.#
..# #.# ...#
..# #.# ### .)#
#.# ..####.#
....##.#


You could see Grinder.

Vanquished Creatures
  Sigmund (D:2)
  3 adders (D:2)
  2 worms
  A dart slug (D:2)
  A leopard gecko (D:1)
  An orc (D:3)
  2 ball pythons
  6 giant cockroaches
  7 goblins
  7 hobgoblins
  2 jackals (D:1)
  3 bats
  2 frilled lizards
  7 kobolds
  6 rats
51 creatures vanquished.

Notes
Turn   | Place    | Note
-------+----------+-------------------------------------------
     0 | D:1      | Borgoz the Deep Elf Gladiator began the quest for the Orb.
     0 | D:1      | Reached XP level 1. HP: 12/12 MP: 3/3
   213 | D:1      | Reached skill level 1 in Stealth
   218 | D:1      | Reached XP level 2. HP: 15/16 MP: 4/4
  1047 | D:1      | Reached XP level 3. HP: 21/21 MP: 5/5
  1408 | D:2      | Found an iron altar of Okawaru.
  1466 | D:2      | Found an ornate altar of the Wu Jian Council.
  1894 | D:2      | Noticed Sigmund
  1907 | D:2      | Killed Sigmund
  1907 | D:2      | Reached skill level 1 in Armour
  1907 | D:2      | Reached XP level 4. HP: 17/26 MP: 6/6
  1907 | D:2      | Reached XP level 5. HP: 20/30 MP: 7/7
  2329 | D:3      | Noticed Grinder
  2333 | D:3      | Paralysed by Grinder for 7 turns
  2361 | D:3      | Killed from afar by Grinder

Skill      XL: |  1  2  3 |
---------------+----------+-----
Stealth        | 1 3 |  3.5
Dodging        | 4 |  4.4
Fighting       | 2 |  2.0
Short Blades   | 4 |  4.8
Armour         | 1 |  1.3
Throwing       | |  2.0

Action                   |  1- 3 |  4- 6 || total
-------------------------+-------+-------++-------
Melee: Rapier            |   126 |    59 ||   185
Throw: Throwing net      |     1 |       ||     1
  Use: Scroll            |     3 |       ||     3
       Potion            |     1 |     1 ||     2
 Stab: Sleeping          |     1 |     1 ||     2
       Held in net/web   |     1 |       ||     1
  Eat: Chunk             |     3 |     2 ||     5
Armor: Leather armour    |    30 |    11 ||    41
Dodge: Dodged            |    91 |    34 ||   125
